 Dungeon Crawl Stone Soup version 0.14-a0-102-g2341383 (webtiles) character file.

10481 PolkaDot the Grappler (level 11, 84/106 HPs)
             Began as a Troll Death Knight on Oct 3, 2013.
             Was a High Priest of Yredelemnul.
             Starved to death
             ... while paralysed
             ... on Level 11 of the Dungeon.
             The game lasted 00:35:00 (8298 turns).

PolkaDot the Grappler (Troll Death Knight)          Turns: 8298, Time: 00:35:00

HP  84/106       AC  6     Str 23      XL: 11   Next: 29%
MP  18/18        EV  1     Int  7      God: Yredelemnul [*****.]
Gold 525         SH  0     Dex 12      Spells:  0 memorised, 10 levels left

Res.Fire  : . . .   See Invis. : +     - Unarmed
Res.Cold  : . . .   Warding    : .   N - +0 troll hide
Life Prot.: . . .   Conserve   : .   (shield restricted)
Res.Poison: +       Res.Corr.  : .   (helmet restricted)
Res.Elec. : .       Clarity    : +   b - +0 cloak (curse)
Sust.Abil.: . .     Spirit.Shd : .   (gloves unavailable)
Res.Mut.  : .       Stasis     : .   (boots unavailable)
Res.Rott. : .       Flight     : .   B - cursed amulet of clarity
Gourmand  : +                        H - ring of poison resistance
                                     w - ring of see invisible

@: paralysed, somewhat resistant to hostile enchantments, very unstealthy
A: unfitting armour, claws 3, fast metabolism 3, gourmand, regeneration 2,
saprovore 2, tough skin 2, AC +1
a: Animate Dead, Recall Undead Slaves, Injury Mirror, Drain Life, Enslave Soul,
Renounce Religion


You were on level 11 of the Dungeon.
You worshipped Yredelemnul.
Yredelemnul was extremely pleased with you.
You were starving.

You visited 1 branch of the dungeon, and saw 11 of its levels.

You collected 505 gold pieces.

Inventory:

Armour
 b - a cursed +0 cloak (worn)
 N - a +0 troll hide (worn)
Magical devices
 J - a wand of draining (7) {unknown}
 L - a wand of disintegration (0)
 P - a wand of draining (4) {unknown}
Comestibles
 a - 2 meat rations
 h - 7 apricots
 i - 10 bread rations
 z - 2 apples
 D - a chunk of giant frog flesh
 G - a chunk of ogre flesh
 K - 9 cheeses
 O - 14 sultanas
Scrolls
 e - a scroll of summoning {unknown}
 j - 6 scrolls of remove curse
 l - 2 scrolls of enchant weapon II
 m - 2 scrolls of curse jewellery
 o - 4 scrolls of fear
 p - 4 scrolls of curse weapon {unknown}
 r - a scroll of curse armour
 x - 2 scrolls of noise
 y - 2 scrolls of enchant weapon I
 C - 4 scrolls of identify
 E - 3 scrolls of amnesia
 F - a scroll of immolation
 Q - a scroll of enchant armour {unknown}
Jewellery
 v - an uncursed amulet of guardian spirit
 w - a ring of see invisible (left claw)
 B - a cursed amulet of clarity (around neck)
 H - a ring of poison resistance (right claw)
Potions
 c - a potion of degeneration
 f - 3 potions of flight
 k - a potion of resistance
 n - 3 potions of speed
 q - 2 potions of paralysis
 t - 4 potions of restore abilities
 u - a potion of curing
 A - 2 potions of magic
Books
 g - a book of Dreams

   Spells                             Type                      Level
   Ensorcelled Hibernation            Hexes/Ice                    2
   Flight                             Charms/Air                   3
   Phase Shift                        Translocation                5
   Shadow Creatures                   Summoning                    5
   Mass Confusion                     Hexes                        6
   Darkness                           Hexes                        7


   Skills:
 + Level 8.0 Fighting
 - Level 1.2 Dodging
 * Level 12.9 Unarmed Combat
 * Level 7.5 Invocations


You had 10 spell levels left.
You didn't know any spells.

Dungeon Overview and Level Annotations

Branches:
Dungeon (11/27)            Temple (0/1) D:6             Orc (0/4) D:7
   Lair: D:8-13

Altars:
Ashenzari
Cheibriados
Makhleb
Nemelex Xobeh
Okawaru
Trog
Vehumet
Xom

Shops:
D:10 (


Innate Abilities, Weirdness & Mutations

You are too large for most types of armour.
You have claws for hands.
Your metabolism is lightning-fast.
You like to eat raw meat.
You heal very quickly.
You can eat rotten meat.
You are covered in fur (AC +1).
You have very tough skin (AC +2).


Message History

Press: ? - help, Shift-Dir - straight line, f - hungry ghost
Aim: a hungry ghost (heavily damaged)
The hungry ghost easily resists.
The hungry ghost hits you.
You feel somewhat more hungry.
The hungry ghost hits you but does no damage.
The hungry ghost hits you but does no damage.
Read which item? (? for menu, Esc to quit)
Okay, then.
You lose consciousness!
The hungry ghost hits you.
You feel slightly more hungry.
The hungry ghost hits you but does no damage.
The hungry ghost hits you.
You feel slightly more hungry.
The hungry ghost hits you but does no damage.
The hungry ghost hits you.
You feel slightly more hungry.
The hungry ghost hits you but does no damage.
The hungry ghost hits you.
You feel slightly more hungry.
The hungry ghost hits you but does no damage.
You have starved to death.
You die...
Your body rises from the dead as a mindless zombie.

##+# ...
#####################.#.#.#
.........#.#.#.......)..=..+
...........#.#.p.....)#.#%#.#
..............@p......#...
......................###+#
.............................
............<...............
.............................
............................
...........................
..........................
...............####....#


You could see 2 hungry ghosts.

Vanquished Creatures
  The ghost of Daniel the Severer, an experienced LOGl of Okawaru (D:9)
  The ghost of Delarado the Grappler, an experienced TrFi of Okawaru (D:8)
  A hill giant (D:10)
  Joseph (D:7)
  2 trolls
  A wyvern (D:8)
  9 hungry ghosts
  A hippogriff (D:9)
  6 yaks
  A necrophage (D:8)
  2 ice beasts
  2 sky beasts
  3 phantoms
  An ogre (D:11)
  4 centaurs
  2 big kobolds
  4 giant frogs
  A gnoll sergeant (D:10)
  A water moccasin (D:9)
  3 troll zombies (D:7)
  A yak zombie (D:10)
  A quasit (D:8)
  A black bear zombie (D:10)
  3 crimson imps
  A goliath beetle (D:10)
  7 hounds
  A centaur zombie (D:7)
  A gnoll shaman (D:10)
  7 orc priests
  A jelly (D:8)
  2 iguanas
  5 scorpions
  8 orc wizards
  13 worker ants
  2 sheep (D:8)
  4 ogre zombies
  Ijyb (D:6)
  A crocodile zombie (D:6)
  An ogre skeleton (D:7)
  7 gnolls (D:10)
  9 adders
  An inept feature mimic (D:9)
  A giant mite (D:1)
  5 worms
  An adder zombie (D:6)
  A giant centipede zombie (D:8)
  A giant eyeball (D:6)
  4 giant geckos
  An ooze (D:1)
  27 orcs
  14 hobgoblins
  18 jackals
  17 kobolds
  5 quokkas
  3 ball pythons
  12 bats
  4 giant cockroaches
  2 giant newts
  7 goblins
  4 goblin zombies (D:7)
  A hobgoblin skeleton (D:7)
  3 orc skeletons (D:7)
  11 orc zombies (D:7)
  11 rats
  3 ballistomycetes (D:11)
281 creatures vanquished.

Vanquished Creatures (collateral kills)
  A hydra (D:8)
  A hill giant (D:9)
  A troll (D:11)
  A two-headed ogre (D:9)
  2 yaks (D:11)
  A hill giant zombie (D:10)
  2 big kobolds (D:8)
  A crimson imp (D:9)
  A scorpion (D:9)
  A gnoll (D:10)
  2 rats
14 creatures vanquished.

Vanquished Creatures (others)
  5 flying skulls
  A wight (D:11)
  An ogre skeleton (D:11)
  An orc skeleton (D:7)
  A gnoll zombie (D:10)
  A giant spore (D:11)
  3 orc zombies
13 creatures vanquished.

Grand Total: 308 creatures vanquished

Notes
Turn   | Place    | Note
--------------------------------------------------------------
     0 | D:1      | PolkaDot, the Troll Death Knight, began the quest for the Orb.
     0 | D:1      | Reached XP level 1. HP: 20/20 MP: 2/2
    92 | D:1      | Reached XP level 2. HP: 22/28 MP: 2/2
   610 | D:1      | Acquired Yredelemnul's second power
   610 | D:1      | Reached XP level 3. HP: 35/35 MP: 4/4
   667 | D:1      | Reached skill level 3 in Unarmed Combat
   922 | D:2      | Found an iron altar of Okawaru.
  1450 | D:3      | Reached XP level 4. HP: 16/44 MP: 4/4
  1469 | D:3      | Found a snail-covered altar of Cheibriados.
  1503 | D:3      | Found a shattered altar of Ashenzari.
  1817 | D:4      | Found a shimmering altar of Xom.
  1817 | D:4      | Found a burning altar of Makhleb.
  1826 | D:4      | Reached skill level 4 in Unarmed Combat
  1904 | D:4      | Reached XP level 5. HP: 48/50 MP: 5/5
  1997 | D:4      | Reached skill level 5 in Unarmed Combat
  2138 | D:4      | Acquired Yredelemnul's third power
  2138 | D:4      | Reached XP level 6. HP: 56/59 MP: 6/6
  2268 | D:4      | Noticed a giant frog
  2273 | D:4      | Killed a giant frog
  2455 | D:5      | Entered Level 5 of the Dungeon
  2520 | D:5      | Reached skill level 6 in Unarmed Combat
  2566 | D:5      | Reached XP level 7. HP: 67/67 MP: 6/6
  3347 | D:5      | Found a sparkling altar of Nemelex Xobeh.
  3348 | D:5      | Found a radiant altar of Vehumet.
  3434 | D:6      | Noticed Ijyb
  3444 | D:6      | Reached skill level 7 in Unarmed Combat
  3470 | D:6      | Killed Ijyb
  3715 | D:6      | Reached XP level 8. HP: 62/76 MP: 7/7
  3739 | D:6      | Paralysed by a giant eyeball for 2 turns
  3743 | D:6      | Paralysed by a giant eyeball for 4 turns
  3774 | D:6      | Reached skill level 8 in Unarmed Combat
  3995 | D:6      | Reached skill level 5 in Fighting
  4261 | D:6      | Found a staircase to the Ecumenical Temple.
  4301 | D:7      | Noticed Joseph
  4493 | D:7      | Reached skill level 9 in Unarmed Combat
  4573 | D:7      | Killed Joseph
  4573 | D:7      | Reached skill level 10 in Unarmed Combat
  4573 | D:7      | Reached XP level 9. HP: 25/85 MP: 8/8
  4615 | D:7      | Found a staircase to the Orcish Mines.
  4750 | D:7      | Acquired Yredelemnul's fourth power
  4886 | D:7      | Found a sparkling altar of Nemelex Xobeh.
  5036 | D:7      | Found a bloodstained altar of Trog.
  5534 | D:8      | Noticed Delarado's ghost (experienced TrFi)
  5542 | D:8      | Killed Delarado's ghost
  5542 | D:8      | Reached skill level 11 in Unarmed Combat
  5958 | D:8      | Reached XP level 10. HP: 88/96 MP: 12/12
  6087 | D:8      | Received a gift from Yredelemnul
  6217 | D:8      | Noticed a three-headed hydra
  6226 | D:8      | Killed a four-headed hydra
  6226 | D:8      | Reached skill level 5 in Invocations
  6442 | D:9      | Noticed Daniel's ghost (experienced LOGl)
  6449 | D:9      | Killed Daniel's ghost
  6705 | D:9      | Reached skill level 12 in Unarmed Combat
  6791 | D:9      | Acquired Yredelemnul's fifth power
  6867 | D:9      | Found a staircase to the Orcish Mines.
  6910 | D:9      | Noticed a hill giant
  6920 | D:9      | Killed a hill giant
  7075 | D:9      | the staircase to the Orcish Mines was a mimic.
  7188 | D:10     | Entered Level 10 of the Dungeon
  7191 | D:10     | Found Khuy's Weapon Emporium.
  7220 | D:10     | Noticed a hill giant
  7232 | D:10     | Killed a hill giant
  7659 | D:10     | Received a gift from Yredelemnul
  7684 | D:10     | Reached XP level 11. HP: 68/105 MP: 17/17
  8298 | D:11     | Starved to death

Action                   |  1- 3 |  4- 6 |  7- 9 | 10-12 || total
-------------------------+-------+-------+-------+-------++-------
Melee: Unarmed           |   106 |   116 |   376 |   269 ||   867
Invok: Animate Remains   |     3 |       |       |       ||     3
       Animate Dead      |       |       |     3 |     5 ||     8
       Recall Undead Sla |       |       |       |     6 ||     6
Evoke: Wand              |       |       |       |     1 ||     1
  Use: Scroll            |       |       |    11 |    14 ||    25
       Potion            |       |       |     7 |     5 ||    12
 Stab: Sleeping          |     1 |       |     4 |     1 ||     6
